 Dungeon Crawl Stone Soup version 0.17.0-7-gfadd4cc (console) character file.

219 gw the Cudgeler (level 5, -1/33 HPs)
             Began as a Gargoyle Berserker on Nov 8, 2015.
             Was a Believer of Trog.
             Slain by a gnoll
             ... wielding a +0 spear
              (6 damage)
             ... on level 3 of the Dungeon.
             The game lasted 00:02:55 (2977 turns).

gw the Cudgeler (Gargoyle Berserker)                Turns: 2977, Time: 00:02:55

Health: -1/33      AC: 14    Str: 20    XL:     5   Next: 96%
Magic:  5/5        EV: 10    Int:  8    God:    Trog [**....]
Gold:   155        SH:  0    Dex: 10    Spells: 0 memorised, 4 levels left

rFire  . . .     SeeInvis .     a - +0 mace
rCold  . . .     Clarity  .     f - +2 scale mail {MR+}
rNeg   + . .     SustAt   .     (no shield)
rPois  ∞         Gourm    .     d - +2 hat
rElec  +         Spirit   .     (no cloak)
rCorr  .         Warding  .     (no gloves)
rMut   .         Stasis   .     (no boots)
MR     +++..                    (no amulet)
Stlth  ..........               (no ring)
                                (no ring)

@: regenerating, extremely resistant to hostile enchantments, extremely
unstealthy
A: negative energy resistance 1, electricity resistance, unbreathing,
petrification resistance, rot immunity, AC +4
a: Berserk, Trog's Hand, Burn Spellbooks, Renounce Religion


You were on level 3 of the Dungeon.
You worshipped Trog.
Trog was pleased with you.
You were near starving.

You visited 1 branch of the dungeon, and saw 3 of its levels.

You collected 155 gold pieces.

Inventory:

Hand Weapons
 a - a +0 mace (weapon)
Missiles
 e - 31 stones (quivered)
 g - 17 poisoned needles
Armour
 d - a +2 hat (worn)
 f - a +2 scale mail of magic resistance (worn)
Books
 b - a book of Alchemy {forbidden}

   Spells                             Type                      Level
   a - Sublimation of Blood           Necromancy                   2
   b - Ignite Poison                  Fire/Transmutation/Poison    3
   c - Alistair's Intoxication        Transmutation/Poison         4
   d - Condensation Shield            Ice                          4
   e - Petrify                        Transmutation/Earth          4
   f - Irradiate                      Conjuration/Transmutation    5
   Trog disapproves of the use of such an item.
Comestibles
 c - 4 bread rations


   Skills:
 + Level 4.1 Fighting
 * Level 4.5 Maces & Flails
 + Level 2.2 Throwing
 + Level 3.5 Armour
 - Level 1.5 Dodging


You had 4 spell levels left.
You didn't know any spells.

Dungeon Overview and Level Annotations

Branches:
Dungeon (3/15)

Altars:
Ashenzari


Innate Abilities, Weirdness & Mutations

You are resistant to torment.
Your stone body is resilient (AC +4).
You are immune to poison.
You resist negative energy.
You are resistant to electric shocks.
You can survive without breathing.
You are immune to petrification.
You are immune to rotting.


Message History

The gnoll closely misses you. The gnoll hits you but does no damage.
Unknown command.
Unknown command.
Unknown command.
ATTACK MOVE TO (-1,0)
The gnoll hits you with a halberd.
Unknown command.
Unknown command.
Unknown command.
Unknown command.
MOVING TO (1,0)
The gnoll hits you but does no damage. The gnoll barely misses you.
Unknown command.
Unknown command.
Unknown command.
Your skin crawls.
You feel resistant to hostile enchantments.
You feel slightly more hungry.
The gnoll hits you from afar with a spear.
You die...

### ### ##### #.# #.#
#.....#.###########.#
......#.............#
#..}...g###########.#
.......g.9.......##.#
......##########.##.#
###...#..# #.##.#
#... #..#######.##.#
#.## #.............#
#. ##.#######.######
. #.................
#..####.#...######
#..#....#...#


You could see 2 gnolls.

Table legend:
 A = Turns spent in this place as a percentage of turns spent in the entire game.
 B = Non-inter-level travel turns spent in this place as a percentage of non-inter-level travel turns spent in the entire game.
 C = Inter-level travel turns spent in this place as a percentage of turns spent in this place.
 D = Turns resting spent in this place as a percentage of non-inter-level travel turns spent in this place.
 E = Turns spent auto-exploring this place as a percentage of non-inter-level travel turns spent in this place.
 F = Non-inter-level travel turns spent in this place divided by the number of levels of this place that you've seen.
                   A       B       C       D       E      F
               +-------+-------+-------+-------+-------+----------------------
         Total | 100.0 | 100.0 |   0.6 |   0.5 |   2.4 | 1471.7
       Dungeon | 100.0 | 100.0 |   0.6 |   0.5 |   2.4 | 1471.7
               +-------+-------+-------+-------+-------+----------------------

Table legend:
 A = Kills in this place as a percentage of kills in entire the game.
 B = Kills by you in this place as a percentage of kills by you in the entire game.
 C = Kills by friends in this place as a percentage of kills by friends in the entire game.
 D = Other kills in this place as a percentage of other kills in the entire game.
 E = Experience gained in this place as a percentage of experience gained in the entire game.
 F = Experience gained in this place divided by the number of levels of this place that you have seen.
                   A       B       C       D       E      F
               +-------+-------+-------+-------+-------+----------------------
         Total | 100.0 | 100.0 |  -nan |  -nan | 100.0 | 104.7
       Dungeon | 100.0 | 100.0 |  -nan |  -nan | 100.0 | 104.7
               +-------+-------+-------+-------+-------+----------------------

Vanquished Creatures
  The ghost of gw the Chucker, an amateur MfHu of Qazlal (D:3)
  A hound skeleton (D:3)
  A gnoll (D:3)
  An adder (D:1)
  A worm (D:2)
  3 giant geckos
  3 ball pythons (D:2)
  9 bats
  3 giant cockroaches
  8 goblins
  7 hobgoblins
  6 kobolds
  8 rats
52 creatures vanquished.

Notes
Turn   | Place    | Note
--------------------------------------------------------------
     0 | D:1      | gw the Gargoyle Berserker began the quest for the Orb.
     0 | D:1      | Reached XP level 1. HP: 14/14 MP: 1/1
    62 | D:1      | Reached XP level 2. HP: 12/19 MP: 2/2
   571 | D:1      | Reached skill level 1 in Throwing
   571 | D:1      | Reached XP level 3. HP: 21/23 MP: 3/3
   856 | D:1      | Reached ** piety under Trog
  1435 | D:2      | Found a shattered altar of Ashenzari.
  1850 | D:2      | Reached XP level 4. HP: 28/28 MP: 4/4
  2552 | D:3      | Noticed gw's ghost (amateur MfHu)
  2564 | D:3      | Killed gw's ghost
  2564 | D:3      | Reached skill level 4 in Fighting
  2564 | D:3      | Reached XP level 5. HP: 33/33 MP: 5/5
  2977 | D:3      | Slain by a gnoll

Action                   |  1- 3 |  4- 6 || total
-------------------------+-------+-------++-------
Melee: Mace              |    99 |    42 ||   141
Throw: Stone             |   101 |    24 ||   125
Invok: Berserk           |     1 |     1 ||     2
       Trog's Hand       |       |     4 ||     4
  Eat: Chunk             |     4 |     3 ||     7

Vault maps used:
D:1:      denvon_arrival_planthouse, minmay_distorted
D:2:      ashenzari_altar_1
D:3:      tso_oasis_becter, nicolae_ru_path_of_blood, serial_curves,
          eino_curves_02, eino_curves_04, eino_curves_03, eino_curves_03,
          first_bread, solitary_fountain
